cohdb
Replays
Latest Replays
All Replays
Popular Replays
Top Player Replays
Match Explorer
How It Works
Community
CoH3 Stats
Reddit
Sign in to upload your games and track your stats! →
Sign in with Steam
Match 41106705
Unlisted
Match 41106705
Overview
Messages
Build Orders
End
Kettenkrad Recon Vehicle
Construct Infanterie Kompanie
Selects Terror Battlegroup
Selects Machine Gun Camouflage
Grenadier Squad
MG 42 Machine Gun Team
Grenadier Squad
Construct Luftwaffe Kompanie
MG 42 Machine Gun Team
Medical Station
221 Scout Car
BigTiddyLebron
kreumat
ManWithPlan
BoCa
0
0
Comments
sign in to comment!
No comments posted yet!